 Dungeon Crawl Stone Soup version 0.31-a0-675-g238779eb0a (webtiles) character file.

Game seed: 9747681461509714303

86 qw the Shooter (level 4, 0/28 HPs)
             Began as a Gargoyle Hunter on Sept 5, 2023.
             Slain by Robin
             ... wielding a +0 falchion
              (3 damage)
             ... on level 3 of the Dungeon.
             The game lasted 00:00:43 (1383 turns).

qw the Shooter (Gargoyle Hunter)                    Turns: 1383, Time: 00:00:43

Health: 0/28       AC:  8    Str: 15    XL:     4   Next: 50%
Magic:  4/4        EV: 11    Int:  9    God:
Gold:   181        SH:  0    Dex: 21    Spells: 3/3 levels left

rFire   . . .        Y - +0 shortbow
rCold   . . .        (shield currently unavailable)
rNeg    + . .        f - +0 ring mail
rPois   inf          (no helmet)
rElec   +            (no cloak)
rCorr   .            (no gloves)
SInv    .            (no boots)
Will    .....        (no amulet)
Stlth   +            a - +6 ring of dexterity
HPRegen 0.24/turn    (no ring)
MPRegen 0.09/turn

%: no passive effects
@: no status effects
A: sickness immunity, AC +3, negative energy resistance 1, electricity
resistance, torment resistance 1, petrification resistance
a: no special abilities


You were on level 3 of the Dungeon.
You visited 1 branch of the dungeon, and saw 3 of its levels.

You collected 181 gold pieces.


Innate Abilities, Weirdness & Mutations

You are immune to sickness and miasma.
Your stone body is resilient. (AC +3)
You are immune to poison.
You resist negative energy. (rN+)
You are resistant to electric shocks. (rElec)
You are resistant to unholy torment.
You are immune to petrification.


   Skills:
 - Level 3.2 Fighting
 + Level 5.2 Ranged Weapons
 - Level 1.0 Armour
 - Level 1.5 Dodging
 - Level 1.1 Stealth


You had 3 spell levels left.
You didn't know any spells.
Your spell library was empty.

Inventory:

Hand Weapons
 Y - a +0 shortbow (weapon)
Armour
 f - a +0 ring mail (worn)
Jewellery
 a - a +6 ring of dexterity (left hand)
Scrolls
 b - a scroll of enchant weapon {unknown}
Potions
 g - a potion of berserk rage {unknown}
 h - a potion of enlightenment {unknown}
 i - a potion of curing {unknown}
 j - a potion of mutation {unknown}
 k - a potion of ambrosia {unknown}

Dungeon Overview and Level Annotations

Branches:
Dungeon (3/15)

Altars:

Annotations:
D:3 Robin


Message History

The arrow hits Robin but does no damage.
Robin hits you with a +0 falchion. The hobgoblin barely misses you.
You shoot an arrow.
The arrow hits Robin but does no damage.
Robin hits you but does no damage. The hobgoblin closely misses you.
You shoot an arrow.
The arrow hits Robin but does no damage.
Robin hits you with a +0 falchion.
The hobgoblin hits you but does no damage.
Robin hits you with a +0 falchion. The hobgoblin completely misses you.
You shoot an arrow. The arrow hits Robin.
Robin is lightly wounded.
Robin misses you. The hobgoblin barely misses you.
You shoot an arrow. The arrow hits Robin!
Robin is heavily wounded.
Robin hits you with a +0 falchion. The hobgoblin closely misses you.
You shoot an arrow.
The arrow hits Robin but does no damage.
Robin is heavily wounded.
Robin hits you but does no damage.
The hobgoblin hits you but does no damage.
Robin roars a battlecry!
The hobgoblin hits you but does no damage.
You shoot an arrow.
The arrow hits Robin but does no damage.
Robin is heavily wounded.
Robin hits you with a +0 falchion. The hobgoblin barely misses you.
You shoot an arrow. The arrow barely misses Robin.
Robin barely misses you. The hobgoblin barely misses you.
You shoot an arrow. The arrow hits Robin.
Robin is almost dead.
Robin says, "Kneel, worm!"
Robin barely misses you. The hobgoblin hits you.
You shoot an arrow. The arrow closely misses Robin.
The hobgoblin no longer looks unusually strong.
Robin hits you with a +0 falchion.
The hobgoblin hits you but does no damage.
Robin hits you with a +0 falchion.
You die...
Robin lets out a smug laugh.

#..#
#..#########.
#............
##.#g########
#g#..# #.##.##
#g##.g#
.g.gg.)g###g####
.g..g#####@g...#
.g.g #.....###


g.g #..(....#.# ## #.....#.#.#### ##...........# #...........# #...........#
##...........# #............# You could see Robin and 2 hobgoblins.

Vanquished Creatures
  A gnoll (D:1)
  2 adders (D:2)
  2 dart slugs
  7 ball pythons
  5 bats
  4 endoplasms
  2 giant cockroaches
  6 hobgoblins
  4 jackals (D:1)
  A quokka (D:1)
  4 frilled lizards
  6 goblins
  4 kobolds (D:1)
  4 rats (D:1)
52 creatures vanquished.

Notes
Turn   | Place    | Note
-------+----------+-------------------------------------------
     0 | D:1      | qw the Gargoyle Hunter began the quest for the Orb.
     0 | D:1      | Reached XP level 1. HP: 12/12 MP: 1/1
     0 | D:1      | 0 ||| qw: Version: 0.3-a-75-g829b12e
     0 | D:1      | 0 ||| qw: Game counter: 126
     0 | D:1      | 0 ||| qw: Melee chars always use a shield: true
     0 | D:1      | 0 ||| qw: God list: Okawaru
     0 | D:1      | 0 ||| qw: Allow faded altars: false
     0 | D:1      | 0 ||| qw: Do Orc after clearing Dungeon:15 true
     0 | D:1      | 0 ||| qw: Do second Lair branch before Depths: true
     0 | D:1      | 0 ||| qw: Lair rune preference: random
     0 | D:1      | 0 ||| qw: Goals: Normal
     0 | D:1      | 0 ||| PLANNING D:1-11
    40 | D:1      | Reached XP level 2. HP: 16/17 MP: 2/2
   226 | D:1      | Reached XP level 3. HP: 18/21 MP: 3/3
   242 | D:1      | Reached skill level 5 in Ranged Weapons
   528 | D:1      | 528 ||| UPGRADING to +0 ring mail.
   538 | D:1      | 538 ||| DROPPING +0 leather armour.
   539 | D:1      | 539 ||| READING scroll labelled CEARPH NACVY.
   540 | D:1      | 540 ||| DRINKING 3 fuming silvery potions.
   576 | D:1      | 576 ||| DROPPING scroll of butterflies.
   577 | D:1      | 577 ||| DROPPING 2 potions of lignification.
   788 | D:2      | Reached skill level 1 in Armour
   788 | D:2      | Reached XP level 4. HP: 27/27 MP: 4/4
   942 | D:2      | Reached skill level 3 in Fighting
  1255 | D:2      | 1255 ||| UPGRADING to +6 ring of dexterity.
  1256 | D:2      | 1256 ||| READING scroll labelled WEYCZE YGAHYRU.
  1257 | D:2      | 1257 ||| READING 2 scrolls labelled ONIRUNT ONUDI.
  1258 | D:2      | 1258 ||| READING scroll labelled TAF JUKKUTYA.
  1263 | D:2      | 1263 ||| DRINKING 2 blue potions.
  1264 | D:2      | 1264 ||| DROPPING scroll of blinking.
  1265 | D:2      | 1265 ||| DROPPING potion of magic.
  1351 | D:3      | Noticed Robin
  1352 | D:3      | 1352 ||| Stepping ~*~*~tactically~*~*~ (outnumbered).
  1355 | D:3      | 1355 ||| Stepping ~*~*~tactically~*~*~ (outnumbered).
  1356 | D:3      | 1356 ||| FLEEEEING.
  1357 | D:3      | 1357 ||| FLEEEEING.
  1358 | D:3      | 1358 ||| FLEEEEING.
  1359 | D:3      | 1359 ||| FLEEEEING.
  1361 | D:3      | 1361 ||| FLEEEEING.
  1362 | D:3      | 1362 ||| FLEEEEING.
  1363 | D:3      | 1363 ||| FLEEEEING.
  1364 | D:3      | 1364 ||| FLEEEEING.
  1382 | D:3      | HP: 6/28 [hobgoblin[Robin] (5)]
  1383 | D:3      | Slain by Robin

Levels and vault maps discovered:
D:1:      grunt_arrival_lava_bath, layout_rooms, minmay_hexomino_c4
D:2:      layout_loops_ring, dreamdust_wishing_well
D:3:      layout_basic, uniq_natasha, uniq_robin, uniq_ijyb

Skill      XL: |  1  2  3  4 |
---------------+-------------+-----
Ranged Weapons | 5 |  5.2
Armour         | 1 |  1.0
Fighting       | 3 |  3.2
Dodging        | |  1.5
Stealth        | |  1.1

Action                     |  1- 3 |  4- 6 || total
---------------------------+-------+-------++-------
   Fire: Shortbow          |   126 |    44 ||   170
    Use: Scroll            |     1 |     3 ||     4
         Potion            |     1 |     1 ||     2
 Armour: Leather armour    |    33 |       ||    33
         Ring mail         |     6 |    27 ||    33
  Dodge: Dodged            |    35 |    26 ||    61

Table legend:
 A = Non-vault XP
 B = Vault XP
 C = Vault XP percentage of total XP
 D = Non-vault monster count
 E = Vault monster count
 F = Vault count percentage of total count
                 A         B        C        D         E       F
            +---------+---------+-------+---------+---------+-------
      Total |     107 |      17 |  13.7 |      42 |      10 |  19.2
            +---------+---------+-------+---------+---------+-------
        D:1 |      61 |       7 |  10.3 |      28 |       5 |  15.2
        D:2 |      46 |       0 |   0.0 |      14 |       0 |   0.0
        D:3 |       0 |      10 | 100.0 |       0 |       5 | 100.0
            +---------+---------+-------+---------+---------+-------
